 Dungeon Crawl Stone Soup version 0.18-a0-1323-g706dcef (webtiles) character file.

9298 namelastname112 the Grappler (level 11, -1/87 HPs)
             Began as a Formicid Monk on Feb 16, 2016.
             Was a High Priest of Cheibriados.
             Slain by a sun demon (17 damage)
             ... summoned by a kobold demonologist
             ... on level 11 of the Dungeon.
             The game lasted 00:14:12 (8861 turns).

namelastname112 the Grappler (Formicid Monk)        Turns: 8861, Time: 00:14:13

Health: -1/87      AC: 16    Str: 31    XL:     11   Next: 71%
Magic:  10/15      EV: 16    Int: 25    God:    Cheibriados [*****.]
Gold:   615        SH:  0    Dex: 28    Spells: 0 memorised, 10 levels left

rFire  . . .     SeeInvis +       - Unarmed
rCold  + . .     Gourm    .     F - +0 shadow dragon armour
rNeg   . . .     Faith    .     (no shield)
rPois  .         Spirit   .     (helmet unavailable)
rElec  .         Dismiss  .     B - +0 cloak
rCorr  .         Reflect  .     (no gloves)
SustAt +         Harm     .     a - +0 pair of boots
MR     +....                    z - amulet of regeneration
Stlth  ++++......               i - ring of sustain attributes
                                r - ring of protection from cold

@: drained, very slow, somewhat resistant to hostile enchantments, stealthy
A: permanent stasis, dig shafts and tunnels, four strong arms, antennae 3
a: Dig, Shaft Self, Bend Time, Temporal Distortion, Slouch, Step From Time,
Renounce Religion


You were on level 11 of the Dungeon.
You worshipped Cheibriados.
Cheibriados was extremely pleased with you.
You were not hungry.

You visited 2 branches of the dungeon, and saw 12 of its levels.

You collected 615 gold pieces.

Inventory:

Hand Weapons
 y - the +9 dagger "Juicong" {freeze, rC+ MR+}
   (You found it on level 7 of the Dungeon)

   It has been specially enchanted to freeze those struck by it, causing extra
   injury to most foes and up to half again as much damage against particularly
   susceptible opponents.
   It can also slow down cold-blooded creatures.
   It protects you from cold.
   It affects your resistance to hostile enchantments.
Armour
 a - a +0 pair of boots (worn)
 h - a +1 chain mail of cold resistance
 B - a +0 cloak (worn)
 F - a +0 shadow dragon armour (worn)
Jewellery
 i - a ring of sustain attributes (right hand)
 r - a ring of protection from cold (left hand)
 z - an amulet of regeneration (around neck)
Wands
 k - a wand of slowing (21/48)
 A - a wand of digging (10/24)
 C - a wand of iceblast (11/15)
 D - a wand of iceblast (5/15)
 E - a wand of iceblast (9/15)
 G - a wand of acid (5/15)
 H - a wand of acid (13/15)
Scrolls
 c - 4 scrolls of identify
 e - a scroll of fog
 f - 5 scrolls of amnesia
 m - 7 scrolls of remove curse
 p - 4 scrolls of magic mapping
 w - a scroll of enchant weapon
 I - 2 scrolls of enchant armour
Potions
 l - 4 potions of cure mutation
 n - a potion of flight
 q - a potion of might
 s - a potion of brilliance {unknown}
 t - 4 potions of agility
Books
 x - a book of Clouds

   Spells                             Type                      Level
   a - Mephitic Cloud                 Conjuration/Poison/Air       3
   b - Conjure Flame                  Conjuration/Fire             3
   c - Poisonous Cloud                Conjuration/Poison/Air       6
   d - Freezing Cloud                 Conjuration/Ice/Air          6
   e - Ring of Flames                 Charms/Fire                  7
Comestibles
 b - 11 bread rations
 g - 5 meat rations
 j - 9 royal jellies
 o - 3 fruits
 u - 4 beef jerkies


   Skills:
 + Level 8.7(8.2) Fighting
 + Level 8.1(7.7) Armour
 + Level 7.5(7.0) Dodging
 - Level 2.4(2.0) Stealth
 + Level 11.4(10.9) Unarmed Combat
 + Level 5.9(5.5) Invocations


You had 10 spell levels left.
You didn't know any spells.

Dungeon Overview and Level Annotations

Branches:
Dungeon (11/15)            Temple (1/1) D:5            Lair (0/8) D:9
    Orc (0/2) D:10

Altars:
Ashenzari
Cheibriados
Dithmenos
Elyvilon
Fedhas
Gozag
Kikubaaqudgha
Makhleb
Nemelex Xobeh
Okawaru
Pakellas
Qazlal
Ru
Sif Muna
Trog
Vehumet
Xom
Yredelemnul
Zin
The Shining One


Innate Abilities, Weirdness & Mutations

You are under a permanent stasis effect.
You can dig through walls and to a lower floor.
Your four strong arms can wield two-handed weapons with a shield.
You have a pair of large antennae on your head (SInv).


Message History

The stone barely misses the kobold.
The troll bites you! The troll misses you.
The troll claws you but does no damage. The sun demon hits you.
You are engulfed in flames!
* * * LOW HITPOINT WARNING * * *
Unknown command.
You can feel time thicken for a moment.
You kill the kobold!
Cheibriados thoroughly appreciates the change of pace.
You kill the kobold!
Cheibriados thoroughly appreciates the change of pace.
You kill the kobold!
Cheibriados appreciates the change of pace.
You feel somewhat more hungry.
Cheibriados lowers the support of your attributes as your movement quickens.
The kobold demonologist gestures wildly while chanting.
The red devil completely misses you. The troll barely misses you.
The troll claws you but does no damage. The troll claws you.
* * * LOW HITPOINT WARNING * * *
The sun demon hits you!
You die...

######## ## ###.##>..#
.### #.#..##..####..#
#..#.#.........####
##.#..#.........#.#
#.###....§≈§)....)## .
.........§§§....§§.#...#
.........≈§§....@K.....#
..........§....K3T4..##.
................3K5.....
........................
...###.........5........
...# #.......(.......≈≈≈
...###...............≈≈≈
...............###...≈≈≈
...............#


You could see a sun demon, 2 kobold demonologists, a troll, a neqoxec, a red
devil, a big kobold, an iron imp and an ufetubus.

Vanquished Creatures
  The ghost of namelastname112 the Cruncher, a novice DrGl of Yredelemnul (D:10)
  2 unseen horrors
  A hill giant (D:10)
  Pikel (D:8)
  An ugly thing (D:11)
  Maurice (D:8)
  2 kobold demonologists (D:11)
  A troll (D:11)
  Sigmund (D:4)
  2 hippogriffs
  A hungry ghost (D:10)
  2 soldier ants (D:10)
  A water moccasin (D:11)
  A wasp (D:10)
  A sky beast (D:5)
  2 black bears (D:6)
  3 orc warriors
  2 slaves (D:8)
  3 phantoms
  An ice beast (D:10)
  8 ogres
  A centaur (D:11)
  A crocodile (D:9)
  2 big kobolds
  2 giant frogs
  A wyvern skeleton (D:11)
  4 scorpions
  11 killer bees
  6 crimson imps
  A jelly (D:10)
  A wasp zombie (D:9)
  3 giant frog zombies
  6 orc wizards
  4 orc priests (D:10)
  A centaur skeleton (D:8)
  6 hounds
  4 giant frog skeletons
  Natasha (D:4)
  Terence (D:2)
  10 worker ants
  2 hound skeletons
  2 worker ant zombies
  A gnoll (D:5)
  3 river rats
  16 adders
  3 shadow imps
  2 oozes
  3 adder skeletons
  A worm (D:3)
  5 giant geckos
  33 orcs
  4 ball pythons
  9 bats
  6 giant cockroaches
  7 goblins
  8 hobgoblins
  14 jackals
  4 quokkas
  A ball python skeleton (D:4)
  A giant gecko skeleton (D:8)
  A giant gecko zombie (D:5)
  2 giant newts
  21 kobolds
  A quokka skeleton (D:4)
  A quokka zombie (D:5)
  10 rats
265 creatures vanquished.

Vanquished Creatures (others)
  16 fungi (D:9)
  A plant (D:9)
17 creatures vanquished.

Grand Total: 282 creatures vanquished

Notes
Turn   | Place    | Note
--------------------------------------------------------------
     0 | D:1      | namelastname112 the Formicid Monk began the quest for the Orb.
     0 | D:1      | Reached XP level 1. HP: 18/18 MP: 1/1
   253 | D:1      | Reached XP level 2. HP: 12/24 MP: 2/2
   590 | D:1      | Reached XP level 3. HP: 22/29 MP: 3/3
   748 | D:2      | Reached skill level 5 in Unarmed Combat
  1079 | D:2      | Noticed Terence
  1140 | D:2      | HP: 1/29 [Terence/mace (5)]
  1468 | D:2      | Killed Terence
  1468 | D:2      | Reached XP level 4. HP: 6/35 MP: 4/4
  2174 | D:3      | Reached XP level 5. HP: 41/41 MP: 5/5
  2210 | D:3      | Reached skill level 6 in Unarmed Combat
  2657 | D:4      | Noticed Natasha
  2667 | D:4      | Killed Natasha
  2797 | D:4      | Found a radiant altar of Vehumet.
  2814 | D:4      | Reached XP level 6. HP: 32/47 MP: 6/6
  3001 | D:4      | Noticed Sigmund
  3011 | D:4      | Killed Sigmund
  3011 | D:4      | Reached skill level 7 in Unarmed Combat
  3144 | D:4      | Reached XP level 7. HP: 47/52 MP: 7/7
  3406 | D:4      | Reached skill level 8 in Unarmed Combat
  3779 | D:5      | Entered Level 5 of the Dungeon
  3779 | D:5      | Found a staircase to the Ecumenical Temple.
  3802 | Temple   | Entered the Ecumenical Temple
  3947 | Temple   | Became a worshipper of Cheibriados the Contemplative
  3947 | Temple   | Reached * piety under Cheibriados
  3947 | Temple   | Reached ** piety under Cheibriados
  3990 | D:5      | Reached skill level 9 in Unarmed Combat
  4122 | D:5      | Reached XP level 8. HP: 50/58 MP: 8/8
  4224 | D:5      | Reached skill level 1 in Armour
  4481 | D:6      | Reached *** piety under Cheibriados
  4529 | D:6      | Found a bloodstained altar of Trog.
  5219 | D:7      | Reached XP level 9. HP: 67/67 MP: 9/9
  5305 | D:7      | Found a stormy altar of Qazlal.
  5306 | D:7      | Got a crystal dagger
  5310 | D:7      | Reached **** piety under Cheibriados
  5310 | D:7      | Reached skill level 5 in Fighting
  5311 | D:7      | Identified the +9 dagger "Juicong" {freeze, rC+ MR+} (You found it on level 7 of the Dungeon)
  6219 | D:8      | Noticed Pikel
  6234 | D:8      | Killed Pikel
  6234 | D:8      | Reached skill level 5 in Armour
  6234 | D:8      | Reached skill level 5 in Dodging
  6234 | D:8      | Reached skill level 10 in Unarmed Combat
  6252 | D:8      | Noticed Maurice
  6278 | D:8      | Killed Maurice
  6278 | D:8      | Reached XP level 10. HP: 18/77 MP: 10/10
  7029 | D:9      | Reached ***** piety under Cheibriados
  7038 | D:9      | Found a staircase to the Lair.
  7048 | D:9      | Reached skill level 1 in Invocations
  7500 | D:10     | Entered Level 10 of the Dungeon
  7552 | D:10     | Noticed namelastname112's ghost (novice DrGl)
  7579 | D:10     | Noticed an unseen horror
  7581 | D:10     | Killed an unseen horror
  7604 | D:10     | Killed namelastname112's ghost
  7634 | D:10     | Noticed a hill giant
  7770 | D:10     | Found a staircase to the Orcish Mines.
  7810 | D:10     | Reached skill level 11 in Unarmed Combat
  7810 | D:10     | Reached XP level 11. HP: 54/85 MP: 14/14
  7881 | D:10     | Killed a hill giant
  8314 | D:10     | Reached skill level 5 in Invocations
  8493 | D:11     | Noticed a red ugly thing
  8506 | D:11     | Killed a red ugly thing
  8626 | D:11     | Reached ****** piety under Cheibriados
  8693 | D:11     | Noticed an unseen horror
  8700 | D:11     | Killed an unseen horror
  8857 | D:11     | Noticed a sun demon
  8861 | D:11     | Slain by a sun demon

Vault maps used:
D:1:      dpeg_arrival_snail
D:2:      uniq_terence
D:3:      portal_sewer_entry_e, first_bread
D:4:      fiery_altar_vehumet, serial_bayou_lagoon_a, abandoned_shop,
          uniq_natasha, uniq_sigmund
D:5:      st_stairs_13
D:6:      trog_ov_bears_minmay
D:7:      nicolae_overflow_crystal_walls
D:8:      uniq_pikel, uniq_maurice
D:9:      due_lair_maze_entry_diamond
D:10:     erik_orc_4, hangedman_pestilent_swarm
D:11:     corexii_hall_statues_i, kennysheep_generic_room_11
Temple:   grunt_circular_temple_18

Action                   |  1- 3 |  4- 6 |  7- 9 | 10-12 || total
-------------------------+-------+-------+-------+-------++-------
Melee: Unarmed           |   134 |   131 |   243 |   353 ||   861
       Dagger            |       |       |    90 |       ||    90
Invok: Slouch            |       |       |       |     2 ||     2
 Abil: Dig               |       |       |       |     1 ||     1
  Use: Potion            |     2 |       |     1 |     3 ||     6
       Scroll            |       |       |       |    17 ||    17
 Stab: Sleeping          |     4 |       |     5 |     2 ||    11
       Distracted        |       |       |     2 |     1 ||     3
  Eat: Meat ration       |     1 |       |       |       ||     1
       Chunk             |       |     1 |     8 |     6 ||    15
